 Dungeon Crawl Stone Soup version 0.27.0-1-g7a089689b8 (webtiles) character file.

Game seed: 1594490365960507377

197 Strat the Chopper (level 5, -2/48 HPs)
             Began as a Minotaur Monk on Aug 12, 2021.
             Shot with an arrow by a centaur (7 damage)
             ... on level 5 of the Dungeon.
             The game lasted 00:06:38 (1423 turns).

Strat the Chopper (Minotaur Monk)                   Turns: 1423, Time: 00:06:38

Health: -2/48      AC:  6    Str: 16    XL:     5   Next: 46%
Magic:  4/4        EV:  9    Int:  7    God:
Gold:   152        SH:  3    Dex: 13    Spells: 4/4 levels left

rFire    . . .     SeeInvis .   a - +0 hand axe
rCold    . . .     Faith    .   h - +0 buckler
rNeg     . . .     Spirit   .   k - +0 scale mail
rPois    .         Reflect  .   (helmet restricted)
rElec    .         Harm     .   (no cloak)
rCorr    .         Rampage  .   (no gloves)
Will     .....                  (no boots)
Stlth    ..........             (no amulet)
HPRegen  0.16/turn              (no ring)
MPRegen  0.09/turn              (no ring)

@: no status effects
A: horns 2, retaliatory headbutt
a: no special abilities


You were on level 5 of the Dungeon.
You visited 1 branch of the dungeon, and saw 6 of its levels.

You collected 152 gold pieces.

Inventory:

Hand Weapons
 a - a +0 hand axe (weapon)
Missiles
 d - 49 stones (quivered)
Armour
 b - a +0 robe
 h - a +0 buckler (worn)
 j - a +0 ring mail
 k - a +0 scale mail (worn)
Scrolls
 f - a scroll of blinking
 l - a scroll of amnesia
Potions
 c - 2 potions of curing
 e - a potion of attraction {unknown}
 i - a potion of heal wounds {unknown}
 m - a potion of mutation {unknown}
 n - a potion of ambrosia {unknown}


   Skills:
 - Level 5.0 Fighting
 + Level 6.7 Axes
 - Level 3.2 Dodging
 - Level 1.5 Stealth


You had 4 spell levels left.
You didn't know any spells.
Your spell library was empty.

Dungeon Overview and Level Annotations

Branches:
Dungeon (6/15)
 Temple: D:4-7

Altars:

Shops:
D:1 ?   D:2 *


Innate Abilities, Weirdness & Mutations

You have a pair of horns on your head.
You reflexively headbutt those who attack you in melee.


Message History

The centaur zombie is moderately damaged.
The centaur zombie hits you but does no damage.
The centaur zombie kicks you.
* * * LOW HITPOINT WARNING * * *
You slash the centaur zombie! You headbutt the centaur zombie!
The centaur zombie is severely damaged.
The centaur zombie hits you but does no damage.
The centaur zombie kicks you but does no damage.
The centaur zombie closely misses you. x2
You hit the centaur zombie but do no damage.
You headbutt the centaur zombie.
The centaur zombie is severely damaged.
The centaur zombie closely misses you.
The centaur zombie kicks you but does no damage.
You hit the centaur zombie.
The centaur zombie is severely damaged.
The centaur zombie hits you.
* * * LOW HITPOINT WARNING * * *
The centaur zombie kicks you but does no damage.
You hit the centaur zombie. You headbutt the centaur zombie.
You destroy the centaur zombie!
You open the door.
An ogre comes into view. It is wielding a +0 giant spiked club.
The ogre shouts!
You hear the slow hiss of a very distant avalanche of sand.
You see here a +0 leather armour.
There is a stone staircase leading up here.
You climb upwards.
The centaur wields a +0 shortbow of freezing.
It is covered in frost.
The centaur shoots an arrow.
The arrow hits you.
* * * LOW HITPOINT WARNING * * *
The arrow freezes you.
* * * LOW HITPOINT WARNING * * *
The centaur shoots an arrow.
The arrow hits you!
* * * LOW HITPOINT WARNING * * *
The arrow freezes you.
* * * LOW HITPOINT WARNING * * *
There is a stone staircase leading down, spattered with blood here.
The centaur shoots an arrow.
The arrow hits you!
You die...

#. #. #
#.## #.
..#
#..##.#
#....##
####..##
#....>#
#c..@$#
#.....#
#######


You could see a centaur.

Vanquished Creatures
  A water moccasin skeleton (D:4)
  A centaur zombie (D:6)
  A hound (D:4)
  An iguana (D:4)
  An adder (D:2)
  2 dart slugs
  5 endoplasms
  3 giant cockroaches
  A goblin (D:4)
  4 hobgoblins
  5 jackals
  3 kobolds (D:1)
  5 quokkas
  4 ball pythons
  3 bats
  2 frilled lizards (D:2)
  3 rats
45 creatures vanquished.

Vanquished Creatures (others)
  2 fungi (D:2)
  5 toadstools (D:2)
7 creatures vanquished.

Grand Total: 52 creatures vanquished

Notes
Turn   | Place    | Note
-------+----------+-------------------------------------------
     0 | D:1      | Strat the Minotaur Monk began the quest for the Orb.
     0 | D:1      | Reached XP level 1. HP: 19/19 MP: 0/0
    54 | D:1      | Reached skill level 4 in Axes
   146 | D:1      | Found a faded altar of an unknown god.
   155 | D:1      | Reached XP level 2. HP: 17/26 MP: 1/1
   171 | D:1      | Found Zuplun's Magic Scroll Boutique.
   575 | D:2      | Reached skill level 5 in Axes
   598 | D:2      | Reached XP level 3. HP: 22/33 MP: 2/2
   709 | D:2      | Found Sisaegg's General Store.
   960 | D:4      | Reached XP level 4. HP: 34/41 MP: 3/3
  1019 | D:4      | Reached skill level 6 in Axes
  1030 | D:4      | Reached skill level 5 in Fighting
  1030 | D:4      | Reached XP level 5. HP: 22/48 MP: 4/4
  1346 | D:5      | Entered Level 5 of the Dungeon
  1351 | D:5      | Noticed a centaur
  1392 | D:6      | Noticed an ogre
  1423 | D:5      | Shot with an arrow by a centaur

Illustrated notes

Levels and vault maps discovered:
D:1:      saegor_arrival_simple_b, layout_rooms, serial_shops, shop_statue,
          ebering_ecumenical_altar_rust, chequers_serial_rivers_micro_a,
          serial_park_tiny_2, minmay_tetromino_i2
D:2:      minmay_alternating_diamond, layout_basic, serial_shops, shop_statue,
          minmay_gold_behind_fungi, minmay_crystal_room, roderic_roman_lattice,
          wad_floor_pattern_1, hangedman_decor_lopped,
          chequers_serial_rivers_large_b
D:3:      layout_basic, lemuel_crystal_altar
D:4:      layout_basic
D:5:      layout_rooms, mainiacjoe_overflow_surrounded_room
D:6:      layout_loops_corners, enter_ossuary_3, amethyst_killhole,
          uniq_eustachio

Skill      XL: |  1  2  3  4 |
---------------+-------------+-----
Axes           | 4 5 6 |  6.7
Fighting       | 4 5 |  5.0
Dodging        | |  3.2
Stealth        | |  1.5

Action                   |  1- 3 |  4- 6 || total
-------------------------+-------+-------++-------
Melee: Hand axe          |    87 |    30 ||   117
       Headbutt          |    13 |     9 ||    22
  Use: Scroll            |     3 |     1 ||     4
 Stab: Sleeping          |     2 |       ||     2
Armor: Robe              |     8 |       ||     8
       Scale mail        |    13 |    13 ||    26
Dodge: Dodged            |    59 |    12 ||    71
Block: Buckler           |     4 |     2 ||     6
